 Dungeon Sprint DCSS version 0.26.1-11-gd32895ea62 (webtiles) character file.

Game seed: 12243091316543403235

244 Zeld the Cleaver (level 5, -3/46 HPs)
             Began as a Minotaur Berserker on June 8, 2021.
             Was a Follower of Trog.
             Slain by a neqoxec (9 damage)
             ... in the Dungeon (Sprint II: "The Violet Keep of Menkaure").
             The game lasted 00:00:46 (494 turns).

Zeld the Cleaver (Minotaur Berserker)                Turns: 494, Time: 00:00:46

Health: -3/46      AC:  2    Str: 23      XL:     5   Next: 83%
Magic:  4/4        EV: 11    Int:  2 (4)  God:    Trog [*.....]
Gold:   0          SH:  0    Dex:  3 (9)  Spells: 4/4 levels left

rFire    . . .     SeeInvis .   a - +0 hand axe
rCold    . . .     Faith    .   (no shield)
rNeg     . . .     Spirit   .   b - +0 animal skin
rPois    .         Reflect  .   (helmet restricted)
rElec    .         Harm     .   (no cloak)
rCorr    .         Rampage  .   (no gloves)
Will     .....     NoTele   +   (no boots)
Stlth    +.........             (no amulet)
HPRegen  0.15/turn              (no ring)
MPRegen  0.09/turn              (no ring)

@: berserk cooldown, slowed, very slow
A: retaliatory headbutt, horns 2, blurry vision 2
a: Renounce Religion, Berserk


You were in the Dungeon.
You worshipped Trog.
Trog was aware of your devotion.
You visited 1 branch

Inventory:

Hand Weapons
 a - a +0 hand axe (weapon)
Armour
 b - a +0 animal skin (worn)
Scrolls
 h - a scroll of blinking
Potions
 c - a potion of curing
 e - a potion of haste
 f - 2 potions of magic
 g - a potion of berserk rage


   Skills:
 * Level 3.9 Fighting
 - Level 14.0 Axes
 * Level 2.8 Armour
 * Level 2.5 Dodging


You had 4 spell levels left.
You didn't know any spells.
Your spell library was empty.

Dungeon Overview and Level Annotations

Branches:
Dungeon (1/1)

Altars:


Innate Abilities, Weirdness & Mutations

You reflexively headbutt those who attack you in melee.
You have a pair of horns on your head.
Scrolls take you longer to read.


Message History

Unknown command.
Unknown command.
Unknown command.
Unknown command.
You closely miss the neqoxec.
The neqoxec is almost dead.
You closely miss the quasit. The quasit bites you.
* * * LOW HITPOINT WARNING * * *
You feel clumsy. The quasit claws you.
* * * LOW HITPOINT WARNING * * *
The quasit claws you but does no damage.
The quasit closely misses you. The quasit claws you.
* * * LOW HITPOINT WARNING * * *
The quasit claws you.
* * * LOW HITPOINT WARNING * * *
You barely miss the neqoxec.
The neqoxec is almost dead.
You hit the quasit but do no damage. The neqoxec hits you!
You die...

#≈;;;;;≈#
#≈≈#§''#'§'##
≈≈≈§§§§≈§.≈≈#
##3## ##.§§#
#.##..#
##S#### ##3#
##@## +.<5+
##.## #+#


You could see a neqoxec, a water moccasin and a quasit (summoned).

Vanquished Creatures
  2 neqoxecs (D)
2 creatures vanquished.

Vanquished Creatures (others)
  Menkaure (D)
1 creature vanquished.

Grand Total: 3 creatures vanquished

Notes
Turn   | Place    | Note
-------+----------+-------------------------------------------
     0 | D        | Zeld the Minotaur Berserker began the quest for the Orb.
     0 | D        | Reached XP level 1. HP: 19/19 MP: 0/0
     1 | D        | Noticed a neqoxec
     2 | D        | Noticed a neqoxec
     6 | D        | Gained mutation: Scrolls take you a little longer to read.
                  | [a neqoxec]
    12 | D        | Killed a neqoxec
    13 | D        | Reached skill level 11 in Axes
    13 | D        | Reached XP level 2. HP: 16/26 MP: 1/1
    13 | D        | Reached XP level 3. HP: 19/31 MP: 2/2
    13 | D        | Reached XP level 4. HP: 24/39 MP: 3/3
    15 | D        | Killed a neqoxec
    15 | D        | Reached ** piety under Trog
    16 | D        | Reached skill level 14 in Axes
    16 | D        | Reached XP level 5. HP: 29/46 MP: 4/4
   171 | D        | Killed Menkaure
   476 | D        | Noticed a neqoxec
   476 | D        | Noticed a water moccasin
   479 | D        | Gained mutation: Scrolls take you longer to read. [a
                  | neqoxec]
   494 | D        | Slain by a neqoxec

Illustrated notes

Levels and vault maps discovered:
D:        the_violet_keep_of_menkaure [sprint2_stairs_cluster_1,
          sprint2_shoproom, sprint2_temple, sprint2_basic_supplies,
          sprint2_obstacle_6, sprint2_obstacle_4, sprint2_obstacle_7,
          sprint2_obstacle_5, sprint2_obstacle_1, sprint2_timed_cluster_1,
          sprint2_smallroom_cluster_1, sprint2_smallroom_final_cluster_1,
          sprint2_transparent_cluster_1, sprint2_second_timed_cluster_1,
          sprint2_sniper_area_1, sprint2_heavy_combat_area_1,
          sprint2_mutation_trap_area_1, sprint2_forest_area_1,
          sprint2_light_combat_area_1, sprint2_behind_water_1,
          sprint2_near_end_vault_1]

Skill      XL: |  1  2  3  4 |
---------------+-------------+-----
Axes           | 11 14 | 14.0
Fighting       | |  3.9
Armour         | |  2.8
Dodging        | |  2.5

Action                   |  1- 3 |  4- 6 || total
-------------------------+-------+-------++-------
Melee: Hand axe          |     9 |    11 ||    20
       Headbutt          |     1 |     2 ||     3
Invok: Berserk           |     1 |     1 ||     2
  Use: Potion            |       |     1 ||     1
Armor: Animal skin       |       |     6 ||     6
Dodge: Dodged            |     2 |    16 ||    18
